 Dungeon Sprint DCSS version 0.30.1 (webtiles) character file.

Game seed: 1938078139780393014

204 BreadTh the Grappler (level 8, -5/130 HPs)
             Began as a Troll Fighter on July 12, 2023.
             Was a High Priest of Trog.
             Slain by a naga warlord
             ... wielding a +0 hand axe
              (26 damage)
             ... in the Dungeon (Sprint VI: "Thunderdome").
             The game lasted 00:12:46 (579 turns).

BreadTh the Grappler (Troll Fighter)                 Turns: 579, Time: 00:12:46

Health: -5/130     AC:  4    Str: 27    XL:     8   Next: 15%
Magic:  7/7        EV:  7    Int:  6    God:    Trog [*****.]
Gold:   0          SH:  8    Dex:  9    Spells: 7/7 levels left

rFire   x x          .
                       - Unarmed
rCold   . . .        b - +0 kite shield
rNeg    + + +        o - +0 animal skin "Naroom" {+Blink rF- rN+++ Int+2}
rPois   +            a - +0 hat "Keapyh" {rPois rF- Will+++ Regen+}
rElec   .            (no cloak)
rCorr   .            (gloves unavailable)
SInv    .            (boots unavailable)
Will    +++..        (no amulet) Stlth
                     (no ring)
HPRegen 2.01/turn    (no ring)
MPRegen 0.10/turn

%: no teleportation
@: berserking, constricted, very quick
A: large, unfitting armour, claws 3, regeneration 1, shaggy fur 1, tough skin 1
a: Renounce Religion, Evoke Blink, Berserk, Trog's Hand, Brothers in Arms


You were in the Dungeon.
You worshipped Trog.
Trog was extremely pleased with you.
You visited 1 branch You collected 500 gold pieces.
You spent 500 gold pieces at shops.

Inventory:

Armour
 a - the +0 hat "Keapyh" (worn) {rPois rF- Will+++ Regen+}
   (You bought it in a shop in the Dungeon)

   rF:        It makes you vulnerable to fire.
   rPois:     It protects you from poison.
   Regen:     It increases your rate of health regeneration.
   Will:      It greatly increases your willpower.
 b - a +0 kite shield (worn)
 o - the +0 animal skin "Naroom" (worn) {+Blink rF- rN+++ Int+2}
   (You bought it in a shop in the Dungeon)

   Int:       It affects your intelligence (+2).
   rF:        It makes you vulnerable to fire.
   rN:        It renders you almost immune to negative energy.
   +Blink:    It lets you blink.
Wands
 j - a wand of quicksilver (5)
 k - a wand of roots (5)
Scrolls
 i - 4 scrolls of blinking
 l - 3 scrolls of fog
Potions
 c - a potion of might
 d - a potion of curing
 e - 4 potions of heal wounds
 f - 4 potions of haste
 g - 2 potions of magic
 h - a potion of berserk rage
 m - a potion of resistance


   Skills:
 + Level 7.6 Fighting
 + Level 5.2 Dodging
 + Level 5.3 Shields
 * Level 14.0 Unarmed Combat


You had 7 spell levels left.
You didn't know any spells.
Your spell library was empty.

Dungeon Overview and Level Annotations

Branches:
Dungeon (1/1)

Altars:
Cheibriados
Dithmenos
Fedhas
Gozag
Kikubaaqudgha
Makhleb
Okawaru
Qazlal
Ru
Sif Muna
Trog
Uskayaw
Vehumet
Wu Jian
Xom
Yredelemnul
Zin
The Shining One
Lugonu

Shops:
D *[??*?*:[((!!!!


Innate Abilities, Weirdness & Mutations

You are too large for most types of armour.
You have claws for hands.
Your natural rate of healing is unusually fast.
You are covered in fur. (AC +1)
You have tough skin. (AC +1)


Message History

Get ready!
ROUND 5!
BOSS ROUND!
You sense a tension in the west.
A naga warlord comes into view. It is wielding a +0 hand axe.
The naga warlord shouts!
The naga warlord spits poison at you. You block the splash of poison.
The naga warlord spits poison at you. You block the splash of poison.
You mangle the naga warlord!!
The naga warlord is moderately wounded.
The naga warlord hits you with a +0 hand axe!!
You block the naga warlord's attack.
You claw the naga warlord!
The naga warlord is moderately wounded.
You closely miss the naga warlord.
The naga warlord is moderately wounded.
The naga warlord hits you with a +0 hand axe.
You block the naga warlord's attack.
You mangle the naga warlord!!
The naga warlord is heavily wounded.
The naga warlord hits you with a +0 hand axe!
The naga warlord grabs you. The naga warlord constricts you.
You closely miss the naga warlord.
The naga warlord is heavily wounded.
The naga warlord hits you with a +0 hand axe!!
* * * LOW HITPOINT WARNING * * *
The naga warlord constricts you.
* * * LOW HITPOINT WARNING * * *
You mangle the naga warlord!!
The naga warlord is severely wounded.
The naga warlord spits poison at you. The splash of poison hits you.
You resist.
* * * LOW HITPOINT WARNING * * *
The naga warlord constricts you.
* * * LOW HITPOINT WARNING * * *
A red film seems to cover your vision as you go berserk!
You feel yourself moving faster!
You feel mighty!
The naga warlord hits you with a +0 hand axe!!
You die...

##∩.....∩## #∩.......∩#
#_......._# #_......._#
#..[....._# ###.........###
#⌠...........⌠#
######.8N........8.######
##.___....@.###......_..∩##
###∩........8.# #.8........∩#
##.............###............
#⌠..........###..†###.........
#⌠..........# #.<.# #.[.......
#[..........###..†###.........
##............[###............
###∩....[...8.# #.8........∩#
##∩__.......###......___∩##


You could see a naga warlord (catching breath).

Vanquished Creatures
  2 queen bees (D)
  Sigmund (D)
  A wraith (D)
  A phantom (D)
  2 wights (D)
  4 killer bees (D)
  An iguana (D)
  A spectral adder (D)
  An adder skeleton (D)
  An orc (D)
  A ball python skeleton (D)
  A ball python zombie (D)
  A rat (D)
  A spectral ball python (D)
  A spectral giant cockroach (D)
  A spectral jackal (D)
21 creatures vanquished.

Notes
Turn   | Place    | Note
-------+----------+-------------------------------------------
     0 | D        | BreadTh the Troll Fighter began the quest for the Orb.
     0 | D        | Reached XP level 1. HP: 22/22 MP: 0/0
     1 | D        | Found a glowing silver altar of Zin.
     1 | D        | Found a radiant altar of Vehumet.
     2 | D        | Found a shimmering blue altar of Sif Muna.
     3 | D        | Found a glowing golden altar of the Shining One.
     4 | D        | Found Atedgh's Distillery.
     4 | D        | Found an opulent altar of Gozag.
     4 | D        | Found an ornate altar of the Wu Jian Council.
     4 | D        | Found Hueth's Do-It-Yourself Clinic.
     5 | D        | Found Afunki's Distillery.
     5 | D        | Found Keutirre's Bottled Wisdom.
     5 | D        | Round 1.
    10 | D        | Found a corrupted altar of Lugonu.
    11 | D        | Found a hide-covered altar of Uskayaw.
    12 | D        | Found a blossoming altar of Fedhas.
    13 | D        | Found Mamaruz's Weapon Rack.
    14 | D        | Found Reowuts's Basic Armour.
    14 | D        | Found Soiff's Miscellaneous Merchandise.
    15 | D        | Found an iron altar of Okawaru.
    15 | D        | Found a bloodstained altar of Trog.
    15 | D        | Found a shimmering altar of Xom.
    15 | D        | Found Gaorr's Premium Goods.
    23 | D        | Became a worshipper of Trog the Wrathful
    28 | D        | Found a stormy altar of Qazlal.
    29 | D        | Found Umabb's Identification Station.
    30 | D        | Found Nyqutwan's Advanced Armour.
    30 | D        | Found Arukliq's Jewellery.
    31 | D        | Found a basalt altar of Yredelemnul.
    31 | D        | Found an ancient bone altar of Kikubaaqudgha.
    31 | D        | Found a snail-covered altar of Cheibriados.
    50 | D        | Found a burning altar of Makhleb.
    50 | D        | Found a sacrificial altar of Ru.
    50 | D        | Found Zewar's Magic Scroll Shop.
    50 | D        | Found Faamaw's Magic Scroll Shop.
    51 | D        | Found Leghiddi's Must-Have Magic.
    56 | D        | Found Yluik's Staff Store.
    56 | D        | Found a shadowy altar of Dithmenos.
   122 | D        | Noticed an iguana
   129 | D        | Killed an iguana
   130 | D        | Reached skill level 4 in Unarmed Combat
   130 | D        | Reached XP level 2. HP: 27/31 MP: 1/1
   142 | D        | Reached * piety under Trog
   143 | D        | Reached XP level 3. HP: 37/37 MP: 2/2
   157 | D        | Noticed Sigmund
   179 | D        | Killed Sigmund
   179 | D        | Arena points: 5 (+5) [x1]
   180 | D        | Reached skill level 5 in Fighting
   180 | D        | Reached skill level 10 in Unarmed Combat
   180 | D        | Reached XP level 4. HP: 19/50 MP: 3/3
   180 | D        | Reached XP level 5. HP: 22/57 MP: 4/4
   194 | D        | Round 2.
   218 | D        | Noticed a phantom
   227 | D        | Killed a phantom
   227 | D        | Reached ** piety under Trog
   228 | D        | Reached XP level 6. HP: 66/66 MP: 5/5
   279 | D        | Reached *** piety under Trog
   279 | D        | Arena points: 29 (+24) [x2]
   340 | D        | Round 3.
   369 | D        | Reached skill level 11 in Unarmed Combat
   389 | D        | Noticed a queen bee
   401 | D        | Killed a queen bee
   402 | D        | Reached skill level 5 in Dodging
   402 | D        | Reached skill level 5 in Shields
   402 | D        | Reached skill level 12 in Unarmed Combat
   402 | D        | Reached XP level 7. HP: 76/76 MP: 6/6
   409 | D        | Noticed a queen bee
   417 | D        | Killed a queen bee
   417 | D        | Reached **** piety under Trog
   418 | D        | Reached skill level 13 in Unarmed Combat
   420 | D        | Arena points: 92 (+63) [x3]
   436 | D        | Bought a spiked hat for 315 gold pieces
   436 | D        | Identified the +0 hat "Keapyh" {rPois rF- Will+++ Regen+}
                  | (You bought it in a shop in the Dungeon)
   480 | D        | Round 4.
   491 | D        | Noticed a wraith
   503 | D        | Killed a wraith
   503 | D        | Reached ***** piety under Trog
   503 | D        | Arena points: 204 (+112) [x4]
   504 | D        | Reached skill level 14 in Unarmed Combat
   504 | D        | Reached XP level 8. HP: 84/87 MP: 7/7
   516 | D        | Bought a fine animal skin for 185 gold pieces
   516 | D        | Identified the +0 animal skin "Naroom" {+Blink rF- rN+++
                  | Int+2} (You bought it in a shop in the Dungeon)
   566 | D        | Round 5.
   567 | D        | Noticed a naga warlord
   579 | D        | Slain by a naga warlord

Illustrated notes

Levels and vault maps discovered:
D:        arena_sprint

Skill      XL: |  1  2  3  4  5  6  7 |
---------------+----------------------+-----
Fighting       | 3 5 6 7 |  7.6
Dodging        | 3 5 |  5.2
Shields        | 3 5 |  5.3
Unarmed Combat | 4 10 12 14 | 14.0

Action                     |  1- 3 |  4- 6 |  7- 9 || total
---------------------------+-------+-------+-------++-------
  Melee: Unarmed           |    23 |    36 |    29 ||    88
 Invoke: Berserk           |       |     1 |     1 ||     2
         Trog's Hand       |       |     1 |       ||     1
 Armour: Robe              |     2 |     8 |     4 ||    14
  Dodge: Dodged            |     2 |     9 |    10 ||    21
  Block: Kite shield       |     5 |     8 |    11 ||    24
